 Dungeon Crawl Stone Soup version 0.26-a0-190-g75a3d40d47 (webtiles) character file.

Game seed: 15589069160389697584

12871 wullow the Sage (level 11, -4/86 HPs)
             Began as a Demonspawn Hedge Wizard on July 4, 2020.
             Was a High Priest of Sif Muna.
             Slain by a six-headed hydra (7 damage)
             ... on level 13 of the Dungeon.
             The game lasted 01:16:25 (16500 turns).

wullow the Sage (Demonspawn Hedge Wizard)          Turns: 16500, Time: 01:16:25

Health: -4/86      AC:  9    Str: 10    XL:     11   Next: 68%
Magic:  8/18       EV: 13    Int: 20    God:    Sif Muna [*****.]
Gold:   410        SH:  5    Dex: 18    Spells: 7/20 levels left

rFire    + . .     SeeInvis +   F - +7 fustibalus "Afaetut" {venom, *Drain rN+ SInv}
rCold    + . .     Faith    .   k - +0 buckler {rC+}
rNeg     + . .     Spirit   .   H - +0 robe of Proximity {*Contam rPois rF+}
rPois    +         Reflect  .   b - +0 hat
rElec    .         Harm     .   o - +0 cloak
rCorr    .                      (no gloves)
MR       .....                  (no boots)
Stlth    ++........             w - amulet of regeneration
HPRegen  0.64/turn              e - ring of wizardry
MPRegen  0.16/turn              Y - +6 ring of dexterity

@: no status effects
A: horns 1, iridescent scales 3, powered by death 2
a: Channel Magic, Forget Spell, Divine Exegesis, Renounce Religion


You were on level 13 of the Dungeon.
You worshipped Sif Muna.
Sif Muna was extremely pleased with you.
You were hungry.

You visited 2 branches of the dungeon, and saw 14 of its levels.
You visited the Abyss 1 time.

You collected 806 gold pieces.
You spent 396 gold pieces at shops.

Inventory:

Hand Weapons
 F - the +7 fustibalus "Afaetut" (weapon) {venom, *Drain rN+ SInv}
   (You found it on level 7 of the Dungeon)

   It poisons the ammo it fires.
   It protects you from negative energy.
   It lets you see invisible.
   It causes draining when unequipped.
Missiles
 c - 231 stones (quivered)
Armour
 b - a +0 hat (worn)
 k - a +0 buckler of cold resistance (worn)
 n - a +2 robe of positive energy
 o - a +0 cloak (worn)
 H - the +0 robe of Proximity (worn) {*Contam rPois rF+}
   (You found it on level 5 of the Dungeon)

   It protects you from fire.
   It protects you from poison.
   It causes magical contamination when unequipped.
 M - the +2 cloak of the Thief {+Fog Slay-2 SInv Stlth+}
   (You found it on level 7 of the Dungeon)

   It affects your accuracy and damage with ranged weapons and melee attacks
   (-2).
   It lets you see invisible.
   It makes you more stealthy.
 Q - +0 acid dragon scales
Magical Staves
 P - an uncursed staff of conjuration
Jewellery
 e - a ring of wizardry (left hand)
 f - an uncursed ring of wizardry
 p - an uncursed ring of ice
 t - a +4 ring of slaying
 w - an amulet of regeneration (around neck)
 V - an uncursed ring of protection from cold
 Y - a +6 ring of dexterity (right hand)
Wands
 h - a wand of random effects (23)
 r - a wand of polymorph (6)
 x - a wand of flame (21)
 K - a wand of digging (4)
 T - a wand of acid (7)
 U - a wand of iceblast (3)
Scrolls
 g - 3 scrolls of amnesia
 m - 6 scrolls of remove curse
 q - a scroll of identify
 u - 4 scrolls of teleportation
 y - a scroll of immolation
 z - 3 scrolls of enchant weapon
 A - 2 scrolls of enchant armour {unknown}
 D - 2 scrolls of blinking {unknown}
 G - 3 scrolls of magic mapping {unknown}
 S - a scroll of holy word {unknown}
Potions
 a - a potion of lignification
 i - 2 potions of flight
 j - 3 potions of mutation
 l - 2 potions of cancellation
 s - a potion of might
 v - 3 potions of brilliance
 B - 2 potions of heal wounds
 C - 7 potions of curing
 E - a potion of magic
 I - a potion of invisibility
 R - 2 potions of degeneration {unknown}
 W - a potion of stabbing {unknown}
Miscellaneous
 J - a phantom mirror
 L - a tin of tremorstones (3/3)
 N - a lightning rod (4/4)
Comestibles
 d - 20 rations


   Skills:
 - Level 8.0 Fighting
 + Level 7.6 Slings
 - Level 2.0 Dodging
 - Level 2.0 Stealth
 - Level 4.0 Shields
 + Level 5.2 Spellcasting
 - Level 6.0 Conjurations
 - Level 6.0 Hexes
 + Level 4.3 Summonings
   Level 0.8 Translocations
 - Level 2.0 Fire Magic
 - Level 3.0 Air Magic
 - Level 4.0 Poison Magic
 + Level 9.2 Invocations


You had 7 spell levels left.
You knew the following spells:

 Your Spells              Type           Power        Failure   Level  Hunger
a - Magic Dart            Conj           ####         1%          1    None
b - Call Imp              Summ           ###.....     1%          2    None
c - Mephitic Cloud        Conj/Pois/Air  ###.....     2%          3    ##.....
d - Conjure Flame         Conj/Fire      ###.....     2%          3    ##.....
e - Fulminant Prism       Conj/Hex       ####......   4%          4    ####...

Your spell library contained the following spells:

 Spells                   Type           Power        Failure   Level  Hunger
 Summon Small Mammal      Summ           ###.         1%          1    None
 Searing Ray              Conj           ####..       1%          2    None
 Slow                     Hex            ####....     1%          2    None
 Dazzling Flash           Conj/Hex       ####..       1%          3    ##.....
 Sandblast                Erth           #.....       4%          1    None
 Blink                    Tloc           N/A          4%          2    None
 Stone Arrow              Conj/Erth      ###...       4%          3    ##.....
 Passwall                 Tmut/Erth      #.......     7%          2    None
 Iskenderun's Mystic Bla  Conj/Tloc      ###.....     11%         4    ####...
 Summon Demon             Summ           ###.......   21%         5    #####..
 Iskenderun's Battlesphe  Conj/Chrm      ###.....     34%         5    #####..
 Petrify                  Tmut/Erth      #.......     41%         4    ####...
 Conjure Ball Lightning   Conj/Air       ###.......   69%         6    #######
 Lee's Rapid Deconstruct  Erth           #.........   75%         5    #####..
 Monstrous Menagerie      Summ           ###.......   99%         7    #######
 Summon Greater Demon     Summ           ###.......   99%         7    #######
 Summon Horrible Things   Summ           ###.......   100%        8    #######


Dungeon Overview and Level Annotations

Branches:
Dungeon (13/15)            Temple (1/1) D:7            Lair (0/6) D:9
    Orc (0/2) D:12
 Vaults: D:13-14

Altars:
Ashenzari
Dithmenos
Elyvilon
Fedhas
Gozag
Hepliaklqana
Kikubaaqudgha
Makhleb
Nemelex Xobeh
Okawaru
Qazlal
Ru
Sif Muna
Trog
Uskayaw
Vehumet
Wu Jian
Xom
Yredelemnul
Zin
The Shining One

Shops:
D:7 !   D:9 }   D:10 :   D:11 *

Annotations:
D:9 3 runed translucent doors, DEFE's ghost, novice DsWn


Innate Abilities, Weirdness & Mutations

You have a pair of small horns on your head.
You are completely covered in iridescent scales. (AC +6)
You regenerate health from kills.


Message History

Your fulminant prism explodes!
The blast of energy engulfs the six-headed hydra!!
The six-headed hydra is moderately wounded.
The blast of energy engulfs you!
There is an open door here.
Casting: Fulminant Prism (dangerous; 4% risk of failure)
Confirm with . or Enter, or press ? or * to list all spells.
Aiming: Fulminant Prism (dangerous; 4% risk of failure)
Press: ? - help, Dir - move target cursor You conjure a prism of explosive energy!
A fulminant prism comes into view.
The six-headed hydra bites you!
* * * LOW HITPOINT WARNING * * *
The six-headed hydra bites you.
* * * LOW HITPOINT WARNING * * *
The six-headed hydra bites you!
* * * LOW HITPOINT WARNING * * *
You block the six-headed hydra's attack.
The six-headed hydra bites you!
You die...

.........#######
........))).....
####+##..##[...(
#########..######....(
#.....................
#.......(.............
####..###(.###.##.##..
#D####'#######.####
#.@.'....#...55.#
+...#....#....5.#
#*.###.(###....##
#..###..###....##
#....+...........#
#....#...........#
##################


You could see a six-headed hydra and a friendly fulminant prism.

Vanquished Creatures
  2 unseen horrors (D:11)
  An ugly thing (D:12)
  Psyche (D:11)
  4 orange demons (D:10)
  A red devil (D:10)
  2 trolls (D:11)
  A hornet (D:9)
  2 hippogriffs
  A wyvern (D:10)
  2 wraiths
  11 yaks
  3 hungry ghosts
  3 water moccasins
  An acid dragon (D:13)
  3 ice beasts
  5 orc warriors
  A sky beast (D:7)
  5 phantoms
  A black bear (D:9)
  A necrophage (D:5)
  3 ogres
  A centaur (D:13)
  2 big kobolds
  Blork the orc (D:6)
  A gnoll sergeant (D:9)
  3 bullfrogs
  2 scorpions
  2 troll zombies (D:12)
  5 killer bees (D:10)
  2 bullfrog zombies
  4 howler monkeys
  2 jellies
  A quasit (D:11)
  5 hounds
  3 bullfrog skeletons
  A centaur zombie (D:5)
  7 orc priests
  8 orc wizards
  Jessica (D:2)
  2 iguanas
  6 worker ants
  4 ogre zombies (D:12)
  A hound zombie (D:5)
  A worker ant zombie (D:7)
  A howler monkey zombie (D:6)
  5 gnolls
  8 adders
  A white imp (D:5)
  An ooze (D:5)
  2 adder skeletons
  2 worms (D:2)
  2 dart slugs (D:3)
  9 leopard geckos
  33 orcs
  A ball python (D:1)
  8 giant cockroaches
  9 goblins
  10 hobgoblins
  10 jackals
  16 kobolds
  2 quokkas
  5 bats
  10 frilled lizards
  4 goblin skeletons (D:12)
  A goblin zombie (D:12)
  3 hobgoblin skeletons (D:12)
  A jackal skeleton (D:6)
  2 orc skeletons (D:12)
  9 orc zombies (D:12)
  A quokka skeleton (D:9)
  2 quokka zombies
  3 rats
280 creatures vanquished.

Vanquished Creatures (collateral kills)
  A two-headed ogre (D:7)
  Maggie (D:9)
  A hippogriff (D:9)
  Sigmund (D:4)
  A yak (D:7)
  3 orc warriors
  3 sky beasts
  An eye of draining (D:8)
  An ice beast (D:7)
  4 ogres
  A centaur (D:7)
  A big kobold (D:7)
  4 bullfrogs
  A gnoll sergeant (D:7)
  2 scorpions (D:5)
  2 killer bees (D:7)
  3 howler monkeys
  2 hounds
  Terence (D:2)
  3 iguanas
  2 worker ants (D:7)
  A howler monkey skeleton (D:9)
  7 gnolls
  2 adders
  A white imp (D:8)
  An ufetubus (D:8)
  An adder skeleton (D:7)
  2 worms
  4 orcs
  A leopard gecko zombie (D:8)
59 creatures vanquished.

Vanquished Creatures (others)
  7 fulminant prisms
  2 plants (D:9)
9 creatures vanquished.

Grand Total: 348 creatures vanquished

Notes
Turn   | Place    | Note
-------+----------+-------------------------------------------
     0 | D:1      | wullow the Demonspawn Hedge Wizard began the quest for the
                  | Orb.
     0 | D:1      | Reached XP level 1. HP: 13/13 MP: 4/4
   341 | D:1      | Gained mutation: You have a pair of small horns on your
                  | head. [demonic ancestry]
   341 | D:1      | Reached XP level 2. HP: 19/19 MP: 3/6
   345 | D:1      | Learned a level 2 spell: Call Imp
  1452 | D:2      | Gained mutation: You are partially covered in iridescent
                  | scales. (AC +2) [demonic ancestry]
  1452 | D:2      | Reached XP level 3. HP: 24/24 MP: 0/7
  1606 | D:2      | Noticed Terence
  1877 | D:2      | Noticed Jessica
  1893 | D:2      | Killed Jessica
  1893 | D:2      | Reached skill level 1 in Fighting
  1893 | D:2      | Gained mutation: You regenerate a little health from kills.
                  | [demonic ancestry]
  1893 | D:2      | Reached XP level 4. HP: 22/32 MP: 0/8
  1967 | D:2      | Killed Terence
  2143 | D:2      | Learned a level 3 spell: Mephitic Cloud
  2235 | D:2      | Found a bloodstained altar of Trog.
  2318 | D:2      | Found a radiant altar of Vehumet.
  2327 | D:2      | Found a shimmering blue altar of Sif Muna.
  2328 | D:2      | Found an ancient bone altar of Kikubaaqudgha.
  2333 | D:2      | Identified Sif Muna's Catalogue of Creation
  2336 | D:2      | Became a worshipper of Sif Muna the Loreminder
  3489 | D:3      | Found a shadowy altar of Dithmenos.
  3519 | D:3      | Reached skill level 1 in Shields
  3565 | D:3      | Reached XP level 5. HP: 30/38 MP: 7/9
  4134 | D:3      | Reached * piety under Sif Muna
  4777 | D:4      | Noticed an ogre
  4894 | D:4      | Killed an ogre
  4894 | D:4      | Reached skill level 1 in Poison Magic
  5091 | D:4      | Reached skill level 1 in Air Magic
  5414 | D:4      | Gained mutation: You are mostly covered in iridescent
                  | scales. (AC +4) [demonic ancestry]
  5414 | D:4      | Reached XP level 6. HP: 33/44 MP: 2/10
  5599 | D:4      | Noticed Sigmund
  5646 | D:4      | Killed Sigmund
  6332 | D:5      | Entered Level 5 of the Dungeon
  6358 | D:5      | Noticed a sky beast
  6447 | D:5      | Found an opulent altar of Gozag.
  6505 | D:5      | Gained mutation: You are completely covered in iridescent
                  | scales. (AC +6) [demonic ancestry]
  6505 | D:5      | Reached XP level 7. HP: 33/51 MP: 11/11
  6629 | D:5      | Found a hazy altar of Hepliaklqana.
  7147 | D:5      | Got a wizard robe
  7158 | D:5      | Identified the +0 robe of Proximity {*Contam rPois rF+}
                  | (You found it on level 5 of the Dungeon)
  7264 | D:5      | Reached ** piety under Sif Muna
  7385 | D:6      | Found a blossoming altar of Fedhas.
  7402 | D:6      | Noticed Blork the orc
  7421 | D:6      | Killed Blork the orc
  7532 | D:6      | Gained mutation: You regenerate health from kills. [demonic
                  | ancestry]
  7532 | D:6      | Reached XP level 8. HP: 58/58 MP: 3/14
  7641 | D:6      | Learned a level 3 spell: Conjure Flame
  7728 | D:6      | Reached skill level 1 in Fire Magic
  8710 | D:7      | Found a staircase to the Ecumenical Temple.
  8728 | D:7      | Found Pagocish's Distillery.
  8744 | D:7      | Bought a potion of curing for 36 gold pieces
  8846 | D:7      | Reached skill level 5 in Spellcasting
  8961 | D:7      | Reached skill level 5 in Conjurations
  9001 | D:7      | Reached skill level 1 in Invocations
  9103 | D:7      | Reached skill level 2 in Invocations
  9108 | D:7      | Reached XP level 9. HP: 63/63 MP: 11/16
  9119 | D:7      | Reached skill level 3 in Invocations
  9142 | D:7      | Noticed a two-headed ogre
  9279 | D:7      | Killed a two-headed ogre
  9279 | D:7      | Reached *** piety under Sif Muna
  9279 | D:7      | Reached skill level 5 in Invocations
  9422 | D:7      | Got a pitted fustibalus
  9467 | D:7      | Found the +2 cloak of the Thief {+Fog Slay-2 SInv Stlth+}
  9717 | D:7      | Reached skill level 6 in Invocations
  9762 | Temple   | Entered the Ecumenical Temple
 10473 | D:8      | Reached skill level 7 in Invocations
 10559 | D:8      | Reached skill level 5 in Fighting
 10752 | D:8      | Found a hazy altar of Hepliaklqana.
 11395 | D:8      | Reached skill level 8 in Invocations
 11694 | D:8      | Identified the +7 fustibalus "Afaetut" {venom, *Drain rN+
                  | SInv} (You found it on level 7 of the Dungeon)
 11698 | D:9      | Noticed Maggie
 11701 | D:9      | Paralysed by a hornet for 2 turns
 11759 | D:9      | Reached skill level 1 in Slings
 11852 | D:9      | Found a sacrificial altar of Ru.
 11896 | D:9      | Reached XP level 10. HP: 42/76 MP: 17/17
 11972 | D:9      | Found a runed translucent gate.
 11972 | D:9      | Found a runed translucent gate.
 11972 | D:9      | Noticed a ten-headed hydra
 11972 | D:9      | Noticed DEFE's ghost (novice DsWn)
 11992 | D:9      | Found a runed translucent gate.
 12023 | D:9      | Found a stormy altar of Qazlal.
 12041 | D:9      | Killed Maggie
 12091 | D:9      | Reached **** piety under Sif Muna
 12125 | D:9      | Reached skill level 9 in Invocations
 12301 | D:9      | Found Riuwe Ziox's Gadget Shoppe.
 12399 | D:9      | Found a shimmering blue altar of Sif Muna.
 12558 | D:9      | Found a glowing silver altar of Zin.
 12622 | D:9      | Found a staircase to the Lair.
 12820 | D:10     | Entered Level 10 of the Dungeon
 12883 | D:10     | Cast into level 1 of the Abyss (orc priest)
 12907 | Abyss:1  | Found a corrupted altar of Lugonu.
 12926 | Abyss:1  | Noticed an apocalypse crab
 12928 | D:10     | Escaped the Abyss
 13115 | D:10     | Found Miadue's Book Shop.
 13124 | D:10     | Bought a book of Conjurations for 360 gold pieces
 13129 | D:10     | Learned a level 4 spell: Fulminant Prism
 13446 | D:10     | Noticed an orange demon
 13456 | D:10     | Reached skill level 1 in Hexes
 13468 | D:10     | Noticed an orange demon
 13470 | D:10     | Reached skill level 5 in Slings
 13476 | D:10     | Killed an orange demon
 13491 | D:10     | Killed an orange demon
 13513 | D:10     | Noticed an orange demon
 13523 | D:10     | Killed an orange demon
 13581 | D:10     | Noticed an orange demon
 13594 | D:10     | Killed an orange demon
 13594 | D:10     | Reached XP level 11. HP: 86/86 MP: 15/18
 14090 | D:11     | Found Xasiaj's General Store.
 14097 | D:11     | Reached ***** piety under Sif Muna
 14116 | D:11     | Noticed an unseen horror
 14124 | D:11     | Killed an unseen horror
 14236 | D:11     | Noticed Psyche
 14242 | D:11     | Killed Psyche
 14242 | D:11     | Reached skill level 5 in Hexes
 14423 | D:11     | Noticed an unseen horror
 14428 | D:11     | Killed an unseen horror
 14750 | D:12     | Noticed a brown ugly thing
 14759 | D:12     | Killed a brown ugly thing
 14810 | D:12     | Identified Sif Muna's Grimoire of Supportive Conjuration
                  | (Sif Muna gifted it to you on level 12 of the Dungeon)
 14810 | D:12     | Received a gift from Sif Muna
 15237 | D:12     | Found a staircase to the Orcish Mines.
 16293 | D:13     | Noticed a six-headed hydra
 16500 | D:13     | HP: 3/86 [six-headed hydra (12)]
 16500 | D:13     | Slain by a six-headed hydra

Illustrated notes

Levels and vault maps discovered:
D:1:      co_arrival_random_square_maze, layout_basic, minivault_26,
          minmay_tetromino_i2
D:2:      layout_basic, grunt_temple_overflow_magic_moments,
          nicolae_overflow_crystal_walls, uniq_jessica, uniq_terence
D:3:      layout_basic, grunt_dithmenos_smoke, serial_glass, glass_columns_a,
          glass_columns_c, gup_sewer_entry_pipe
D:4:      layout_basic, first_ration, uniq_sigmund
D:5:      layout_rooms, lemuel_doored_altar, chequers_serial_rivers_micro_b,
          minmay_ruined_shrine
D:6:      layout_loops_ring, fedhas_altar_2, minmay_strange_pillars,
          uniq_blork_the_orc
D:7:      minmay_the_grid_four_pointed_star [minmay_the_grid_triangle_9x9_steps,
          minmay_the_grid_triangle_9x9_odd_lines,
          minmay_the_grid_triangle_9x9_warning,
          minmay_the_grid_triangle_9x9_swiss_cheese,
          minmay_the_grid_prize_trominoes], layout_cave_pools,
          minmay_temple_entry_trees, serial_shops, shop_coins
D:8:      layout_basic, basic_altar
D:9:      layout_rooms, marbit_many_paths, nicolae_overflow_hidden_temple,
          dpeg_oklobed_lair, serial_shops, shop, gammafunk_ghost_hydra_chop,
          lemuel_blue_sif_altar, uniq_maggie
D:10:     layout_basic, serial_shops, shop, minmay_beelzebubs_servants
D:11:     layout_gridville, serial_shops, nicolae_shop_trees, uniq_psyche
D:12:     layout_layer_cave, zombieorc1_lemuel
D:13:     layout_gridville, david_vaults_2, serial_shops, shop
Temple:   minmay_temple_curvy_loop

Skill      XL: |  1  2  3  4  5  6  7  8  9 10 11 |
---------------+----------------------------------+-----
Conjurations   | 2 3 4 5 6 |  6.0
Fighting       | 1 2 3 6 8 |  8.0
Summonings     | 2 3 4 |  4.3
Shields        | 1 2 3 4 |  4.0
Poison Magic   | 1 2 4 |  4.0
Air Magic      | 1 2 3 |  3.0
Spellcasting   | 4 5 |  5.2
Fire Magic     | 2 |  2.0
Dodging        | 2 |  2.0
Stealth        | 2 |  2.0
Invocations    | 2 8 9 |  9.2
Slings         | 1 5 7 |  7.6
Hexes          | 3 6 |  6.0
Translocations | |  0.8

Action                   |  1- 3 |  4- 6 |  7- 9 | 10-12 || total
-------------------------+-------+-------+-------+-------++-------
Melee: Dagger            |     6 |   253 |   608 |       ||   867
       Headbutt          |       |    32 |    89 |       ||   121
 Fire: Fustibalus        |       |       |    34 |   435 ||   469
 Cast: Magic Dart        |    75 |   147 |   150 |     2 ||   374
       Call Imp          |       |    25 |   102 |    32 ||   159
       Mephitic Cloud    |       |       |     8 |     8 ||    16
       Fulminant Prism   |       |       |       |     8 ||     8
       Conjure Flame     |       |       |       |     1 ||     1
  Use: Scroll            |       |     6 |     3 |     8 ||    17
       Potion            |       |       |       |     1 ||     1
 Stab: Distracted        |       |       |     9 |       ||     9
       Confused          |       |       |     1 |       ||     1
  Eat: Chunk             |     3 |    15 |    23 |    14 ||    55
       Ration            |       |       |       |     2 ||     2
Armor: Robe              |    11 |    77 |   191 |    56 ||   335
Dodge: Dodged            |    11 |   148 |   312 |   132 ||   603
Block: Buckler           |       |    40 |   139 |    57 ||   236

Table legend:
 A = Non-vault XP
 B = Vault XP
 C = Vault XP percentage of total XP
 D = Non-vault monster count
 E = Vault monster count
 F = Vault count percentage of total count
                 A         B        C        D         E       F
            +---------+---------+-------+---------+---------+-------
      Total |   13503 |    4885 |  26.6 |     275 |      64 |  18.9
            +---------+---------+-------+---------+---------+-------
        D:1 |      28 |       3 |   9.7 |      18 |       2 |  10.0
        D:2 |      63 |      61 |  49.2 |      25 |       2 |   7.4
        D:3 |      62 |      16 |  20.5 |      25 |       7 |  21.9
        D:4 |     270 |     166 |  38.1 |      14 |       1 |   6.7
        D:5 |     440 |     180 |  29.0 |      12 |       6 |  33.3
        D:6 |     524 |      58 |  10.0 |      16 |       1 |   5.9
        D:7 |    1049 |     811 |  43.6 |      26 |       9 |  25.7
        D:8 |    1073 |       0 |   0.0 |      30 |       0 |   0.0
        D:9 |    2769 |     476 |  14.7 |      32 |       2 |   5.9
       D:10 |    1179 |    1935 |  62.1 |      23 |       5 |  17.9
       D:11 |    4292 |     434 |   9.2 |      29 |       1 |   3.3
       D:12 |    1358 |     745 |  35.4 |      18 |      28 |  60.9
       D:13 |     396 |       0 |   0.0 |       7 |       0 |   0.0
            +---------+---------+-------+---------+---------+-------
